TOP OF THE 1ST |
Chicago Cubs batting - Pitching for Cincinnati Reds : LHP Jeff Baker
|
Pitching: LHP Jeff Baker
|
|
Batting: RHB Yasuhide Kasahara
|
0-0: Swinging Strike 0-1: Swinging Strike 0-2: Ball 1-2: Ball 2-2: Strikes out swinging
|
Batting: LHB Kevin Norton
|
0-0: Called Strike 0-1: Ball 1-1: Called Strike 1-2: SINGLE (Groundball, 6D, EV 101.2 MPH)
|
Batting: RHB Efrain Vargas
|
0-0: Foul Ball, location: 2F 0-1: Ball 1-1: SINGLE (Groundball, 6MD, EV 95.6 MPH) Kevin Norton to second Runner from 2nd tries for 3rd, SAFE, throw by CF made to third
|
Batting: RHB Kaeo Zirpoli
|
0-0: Ball 1-0: Foul Ball, location: 2F 1-1: Ball 2-1: 3-RUN HOME RUN (Flyball, 78XD, EV 100.0 MPH), Distance : 392 ft
|
Batting: RHB Will Leslie
|
0-0: Ground out 6-3 (Groundball, 6, EV 100.0 MPH)
|
Batting: RHB Steve Bui
|
0-0: Called Strike 0-1: Ball 1-1: Foul Ball, location: 2F 1-2: Strikes out swinging
|
Top of the 1st over - 3 runs, 3 hits, 0 errors, 0 left on base; Chicago 3 - Cincinnati 0 |
BOTTOM OF THE 1ST |
Cincinnati Reds batting - Pitching for Chicago Cubs : RHP Chris Ishii
|
Pitching: RHP Chris Ishii
|
|
Batting: LHB Satoru Handa
|
0-0: Ball 1-0: Ground out 6-3 (Groundball, 56, EV 103.8 MPH)
|
Batting: LHB Jesus Lozano
|
0-0: Ball 1-0: Called Strike 1-1: Called Strike 1-2: Ball 2-2: Ball 3-2: Fly out, F9 (Flyball, 9D, EV 108.1 MPH)
|
Batting: LHB Jake Bill
|
0-0: Ball 1-0: Ball 2-0: Fly out, F8 (Flyball, 8LM, EV 85.0 MPH)
|
Bottom of the 1st over - 0 runs, 0 hits, 0 errors, 0 left on base; Chicago 3 - Cincinnati 0 |
TOP OF THE 2ND |
Chicago Cubs batting - Pitching for Cincinnati Reds : LHP Jeff Baker
|
Batting: RHB Elijah Campbell
|
0-0: Called Strike 0-1: Ball 1-1: Swinging Strike 1-2: Ground out 5-3 (Groundball, 56, EV 104.4 MPH)
|
Batting: RHB Jamie Ogilvie
|
0-0: Ball 1-0: Called Strike 1-1: Bunt for hit to 15S - play at first, batter OUT! 1-3
|
Batting: SHB Art Kent
|
0-0: Ball 1-0: Ball 2-0: Ground out U3 (Groundball, 34, EV 88.1 MPH)
|
Top of the 2nd over - 0 runs, 0 hits, 0 errors, 0 left on base; Chicago 3 - Cincinnati 0 |
BOTTOM OF THE 2ND |
Cincinnati Reds batting - Pitching for Chicago Cubs : RHP Chris Ishii
|
Batting: LHB Shawn Morrison
|
0-0: Called Strike 0-1: Ball 1-1: Fly out, F9 (Flyball, 9, EV 73.1 MPH)
|
Batting: LHB Jon Ledesma
|
0-0: Foul Ball, location: 2F 0-1: Ball 1-1: Ground out 5-3 (Groundball, 6, EV 89.4 MPH)
|
Batting: SHB Dave Barefoot
|
0-0: Ball 1-0: DOUBLE (Flyball, 8LXD, EV 91.2 MPH)
|
Batting: RHB Omar Quintana
|
0-0: Ground out 5-3 (Groundball, 56, EV 91.2 MPH)
|
Bottom of the 2nd over - 0 runs, 1 hit, 0 errors, 1 left on base; Chicago 3 - Cincinnati 0 |
TOP OF THE 3RD |
Chicago Cubs batting - Pitching for Cincinnati Reds : LHP Jeff Baker
|
Batting: RHB Yasuhide Kasahara
|
0-0: Ball 1-0: Called Strike 1-1: SINGLE (Line Drive, 9LS, EV 97.5 MPH)
|
Batting: LHB Kevin Norton
|
0-0: Swinging Strike 0-1: Ball 1-1: Called Strike 1-2: Strikes out swinging
|
Batting: RHB Efrain Vargas
|
0-0: DOUBLE (Line Drive, 9LD, EV 110.6 MPH) Yasuhide Kasahara to third
|
Batting: RHB Kaeo Zirpoli
|
0-0: Ball 1-0: Fly out, F8 (Flyball, 78D, EV 91.9 MPH) Runner from 3rd tags up, SCORES, throw by CF Efrain Vargas to third
|
Batting: RHB Will Leslie
|
0-0: Called Strike 0-1: Ball 1-1: SINGLE (Groundball, 4, EV 102.5 MPH) Efrain Vargas scores
|
Batting: RHB Steve Bui
|
0-0: Called Strike 0-1: Foul Ball, location: 2F 0-2: Foul Ball, location: 2F 0-2: Fielders Choice at 2nd, 5-4 (Groundball, 56, EV 105.6 MPH)
|
Top of the 3rd over - 2 runs, 3 hits, 0 errors, 1 left on base; Chicago 5 - Cincinnati 0 |
BOTTOM OF THE 3RD |
Cincinnati Reds batting - Pitching for Chicago Cubs : RHP Chris Ishii
|
Batting: RHB Tom Beckman
|
0-0: Ball 1-0: Ground out 6-3 (Groundball, 6, EV 83.1 MPH)
|
Batting: RHB Willie Lazcano
|
0-0: Called Strike 0-1: SINGLE (Groundball, 6MD, EV 99.4 MPH)
|
Batting: LHB Satoru Handa
|
0-0: Swinging Strike 0-1: Foul Ball, location: 2F 0-2: SINGLE (Line Drive, 6M, EV 94.4 MPH) Willie Lazcano to second
|
Batting: LHB Jesus Lozano
|
0-0: Foul Ball, location: 2F 0-1: Grounds into double play, 6-4-3 (Groundball, 6, EV 91.2 MPH)
|
Bottom of the 3rd over - 0 runs, 2 hits, 0 errors, 1 left on base; Chicago 5 - Cincinnati 0 |
TOP OF THE 4TH |
Chicago Cubs batting - Pitching for Cincinnati Reds : LHP Jeff Baker
|
Batting: RHB Elijah Campbell
|
0-0: Foul Ball, location: 2F 0-1: Foul Ball, location: 2F 0-2: Ball 1-2: Foul Ball, location: 2F 1-2: Ball 2-2: Ball 3-2: Base on Balls
|
Batting: RHB Jamie Ogilvie
|
0-0: Called Strike 0-1: Ball 1-1: Ball 2-1: Foul Ball, location: 2F 2-2: Strikes out looking
|
Batting: SHB Art Kent
|
0-0: Ball 1-0: Fly out, F8 (Line Drive, 8LD, EV 98.8 MPH)
|
Batting: RHB Yasuhide Kasahara
|
0-0: Ball 1-0: Ball 2-0: Called Strike Elijah Campbell steals 2nd base 2-1: Ball 3-1: Called Strike 3-2: Strikes out looking
|
Top of the 4th over - 0 runs, 0 hits, 0 errors, 1 left on base; Chicago 5 - Cincinnati 0 |
BOTTOM OF THE 4TH |
Cincinnati Reds batting - Pitching for Chicago Cubs : RHP Chris Ishii
|
Batting: LHB Jake Bill
|
0-0: Called Strike 0-1: Ground out 6-3 (Groundball, 6, EV 81.9 MPH)
|
Batting: LHB Shawn Morrison
|
0-0: Ball 1-0: Ball 2-0: Fly out, F3 (Popup, 34, EV 65.6 MPH)
|
Batting: LHB Jon Ledesma
|
0-0: Ball 1-0: Ball 2-0: Ball 3-0: Base on Balls
|
Batting: SHB Dave Barefoot
|
0-0: Called Strike Jon Ledesma steals 2nd base 0-1: Ball 1-1: Ball 2-1: Fly out, F6 (Line Drive, 6, EV 66.2 MPH)
|
Bottom of the 4th over - 0 runs, 0 hits, 0 errors, 1 left on base; Chicago 5 - Cincinnati 0 |
TOP OF THE 5TH |
Chicago Cubs batting - Pitching for Cincinnati Reds : LHP Jeff Baker
|
Batting: LHB Kevin Norton
|
0-0: Ball 1-0: TRIPLE (Line Drive, 89XD, EV 106.9 MPH)
|
Pitching: LHP Justin Sullins
|
|
Batting: RHB Efrain Vargas
|
0-0: Swinging Strike 0-1: Foul Ball, location: 2F 0-2: Strikes out looking
|
Batting: RHB Kaeo Zirpoli
|
0-0: Fly out, F3 (Popup, 3SF, EV 82.5 MPH)
|
Batting: RHB Will Leslie
|
0-0: Ball 1-0: Ball 2-0: Ground out 6-3 (Groundball, 6, EV 88.1 MPH)
|
Top of the 5th over - 0 runs, 1 hit, 0 errors, 1 left on base; Chicago 5 - Cincinnati 0 |
BOTTOM OF THE 5TH |
Cincinnati Reds batting - Pitching for Chicago Cubs : RHP Chris Ishii
|
Batting: RHB Omar Quintana
|
0-0: Ground out 3-1 (Groundball, 34, EV 89.4 MPH)
|
Batting: RHB Tom Beckman
|
0-0: Called Strike 0-1: Ball 1-1: Fly out, F8 (Flyball, 8RM, EV 78.8 MPH)
|
Batting: RHB Willie Lazcano
|
0-0: Foul Ball, location: 2F 0-1: Called Strike 0-2: Ball 1-2: Ball 2-2: Reached on error, E5 (Groundball, 56, EV 81.2 MPH)
|
Batting: LHB Satoru Handa
|
0-0: Called Strike 0-1: Ball 1-1: SINGLE (Groundball, 25, EV 71.9 MPH) (infield hit) Willie Lazcano to second
|
Batting: LHB Jesus Lozano
|
0-0: Called Strike 0-1: SINGLE (Line Drive, 89S, EV 113.8 MPH) Willie Lazcano to third Satoru Handa to second Runner from 3rd tries for Home, SAFE, throw by RF to home
|
Batting: LHB Jake Bill
|
0-0: Called Strike 0-1: Called Strike 0-2: Foul Ball, location: 2F 0-2: SINGLE (Groundball, 34D, EV 103.8 MPH) Satoru Handa to third Jesus Lozano to second Runner from 3rd tries for Home, SAFE, throw by RF to home
|
Batting: LHB Shawn Morrison
|
0-0: DOUBLE (Flyball, 78XD, EV 101.2 MPH) Jesus Lozano scores Jake Bill to third
|
Batting: LHB Jon Ledesma
|
0-0: Ground out 6-3 (Groundball, 6M, EV 106.2 MPH)
|
Bottom of the 5th over - 3 runs, 4 hits, 1 error, 2 left on base; Chicago 5 - Cincinnati 3 |
TOP OF THE 6TH |
Chicago Cubs batting - Pitching for Cincinnati Reds : LHP Justin Sullins
|
Batting: RHB Steve Bui
|
0-0: Ball 1-0: Ground out 6-3 (Groundball, 6M, EV 108.8 MPH)
|
Batting: RHB Elijah Campbell
|
0-0: Ball 1-0: Fly out, F9 (Flyball, 89D, EV 98.8 MPH)
|
Batting: RHB Jamie Ogilvie
|
0-0: SINGLE (Groundball, 6D, EV 100.6 MPH)
|
Batting: SHB Art Kent
|
0-0: Ball 1-0: Foul Ball, location: 2F 1-1: Ball 2-1: Ground out 5-3 (Groundball, 5S, EV 69.4 MPH)
|
Top of the 6th over - 0 runs, 1 hit, 0 errors, 1 left on base; Chicago 5 - Cincinnati 3 |
BOTTOM OF THE 6TH |
Cincinnati Reds batting - Pitching for Chicago Cubs : RHP Chris Ishii
|
Batting: SHB Dave Barefoot
|
0-0: Called Strike 0-1: Called Strike 0-2: Ball 1-2: Ball 2-2: Foul Ball, location: 2F 2-2: Foul Ball, location: 2F 2-2: Foul Ball, location: 2F 2-2: Ground out U3 (Groundball, 3, EV 100.6 MPH)
|
Batting: RHB Omar Quintana
|
0-0: Foul Ball, location: 2F 0-1: Swinging Strike 0-2: Strikes out looking
|
Batting: RHB Tom Beckman
|
0-0: Ground out 1-3 (Groundball, 15S, EV 70.6 MPH)
|
Bottom of the 6th over - 0 runs, 0 hits, 0 errors, 0 left on base; Chicago 5 - Cincinnati 3 |
TOP OF THE 7TH |
Chicago Cubs batting - Pitching for Cincinnati Reds : LHP Justin Sullins
|
Batting: RHB Yasuhide Kasahara
|
0-0: Ball 1-0: Ground out 6-3 (Groundball, 6, EV 86.9 MPH)
|
Batting: LHB Kevin Norton
|
0-0: Called Strike 0-1: Swinging Strike 0-2: Strikes out looking
|
Batting: RHB Efrain Vargas
|
0-0: Called Strike 0-1: Foul Ball, location: 2F 0-2: Ball 1-2: Ball 2-2: SOLO HOME RUN (Flyball, 89XD, EV 100.6 MPH), Distance : 397 ft
|
Batting: RHB Kaeo Zirpoli
|
0-0: Swinging Strike 0-1: Ball 1-1: Ball 2-1: Ground out 5-3 (Groundball, 15, EV 85.0 MPH)
|
Top of the 7th over - 1 run, 1 hit, 0 errors, 0 left on base; Chicago 6 - Cincinnati 3 |
BOTTOM OF THE 7TH |
Cincinnati Reds batting - Pitching for Chicago Cubs : RHP Chris Ishii
|
Batting: RHB Willie Lazcano
|
0-0: Foul Ball, location: 2F 0-1: SINGLE (Groundball, 56D, EV 93.8 MPH)
|
Batting: LHB Satoru Handa
|
0-0: Called Strike 0-1: Ball 1-1: Foul Ball, location: 2F 1-2: Fly out, F4 (Line Drive, 4, EV 64.4 MPH)
|
Batting: LHB Jesus Lozano
|
0-0: Ball 1-0: Ball 2-0: Ball 3-0: Called Strike 3-1: Base on Balls Willie Lazcano to second
|
Batting: LHB Jake Bill
|
0-0: Called Strike 0-1: Swinging Strike 0-2: Ball 1-2: Foul Ball, location: 2F 1-2: Foul Ball, location: 2F 1-2: Ball 2-2: Foul Ball, location: 2F 2-2: Foul Ball, location: 2F 2-2: SINGLE (Groundball, 4MD, EV 94.4 MPH) Willie Lazcano to third Jesus Lozano to second Runner from 3rd tries for Home, SAFE, throw by CF to home
|
Pitching: RHP Eric Oakes
|
|
Batting: LHB Shawn Morrison
|
0-0: Ball Jesus Lozano steals 3rd base 1-0: Foul Ball, location: 2F 1-1: Foul Ball, location: 2F 1-2: Strikes out swinging
|
Pinch Runner at 1st Sean Geisler:
|
|
Batting: LHB Jon Ledesma
|
0-0: Ball 1-0: Ground out 4-3 (Groundball, 34, EV 100.6 MPH)
|
Bottom of the 7th over - 1 run, 2 hits, 0 errors, 2 left on base; Chicago 6 - Cincinnati 4 |
TOP OF THE 8TH |
Chicago Cubs batting - Pitching for Cincinnati Reds : LHP Justin Sullins
|
Pitching: RHP David Silva
|
|
Now at 1B: Sean Geisler
|
|
Batting: RHB Will Leslie
|
0-0: Ball 1-0: Ball 2-0: Fly out, F8 (Flyball, 8LD, EV 104.4 MPH)
|
Batting: RHB Steve Bui
|
0-0: Called Strike 0-1: Ball 1-1: Ball 2-1: Foul Ball, location: 2F 2-2: Ball 3-2: Base on Balls
|
Batting: RHB Elijah Campbell
|
0-0: Ball 1-0: SINGLE (Line Drive, 6M, EV 100.0 MPH) Steve Bui to second
|
Batting: RHB Jamie Ogilvie
|
0-0: Ball 1-0: Called Strike 1-1: Swinging Strike 1-2: Foul Ball, location: 2F 1-2: Ball 2-2: Fly out, F7 (Line Drive, 7, EV 93.1 MPH)
|
Batting: SHB Art Kent
|
0-0: Foul Ball, location: 2F 0-1: Foul Ball, location: 2F 0-2: Foul Ball, location: 2F 0-2: Strikes out looking
|
Top of the 8th over - 0 runs, 1 hit, 0 errors, 2 left on base; Chicago 6 - Cincinnati 4 |
BOTTOM OF THE 8TH |
Cincinnati Reds batting - Pitching for Chicago Cubs : RHP Eric Oakes
|
Batting: SHB Dave Barefoot
|
0-0: Swinging Strike 0-1: Foul Ball, location: 2F 0-2: Fly out, F7 (Flyball, 78D, EV 82.5 MPH)
|
Batting: RHB Omar Quintana
|
0-0: Foul Ball, location: 2F 0-1: Ball 1-1: Ball 2-1: Foul Ball, location: 2F 2-2: Ball 3-2: Fly out, F9 (Flyball, 89M, EV 85.0 MPH)
|
Batting: RHB Tom Beckman
|
0-0: Called Strike 0-1: Ball 1-1: Fly out, F9 (Flyball, 9LM, EV 84.4 MPH)
|
Bottom of the 8th over - 0 runs, 0 hits, 0 errors, 0 left on base; Chicago 6 - Cincinnati 4 |
TOP OF THE 9TH |
Chicago Cubs batting - Pitching for Cincinnati Reds : RHP David Silva
|
Batting: RHB Yasuhide Kasahara
|
0-0: Ball 1-0: Ball 2-0: SINGLE (Line Drive, 4D, EV 111.9 MPH)
|
Batting: LHB Kevin Norton
|
0-0: Ball 1-0: Foul Ball, location: 2F 1-1: Bunted foul 1-2: Fly out, F7 (Flyball, 7LD, EV 100.6 MPH)
|
Batting: RHB Efrain Vargas
|
0-0: Ball 1-0: Swinging Strike 1-1: Ball 2-1: Called Strike 2-2: Ball 3-2: Base on Balls Yasuhide Kasahara to second
|
Batting: RHB Kaeo Zirpoli
|
0-0: Called Strike 0-1: Ball 1-1: Foul Ball, location: 2F 1-2: Foul Ball, location: 2F 1-2: Ball 2-2: Ball 3-2: Grounds into double play, 5-4-3 (Groundball, 5, EV 89.4 MPH)
|
Top of the 9th over - 0 runs, 1 hit, 0 errors, 1 left on base; Chicago 6 - Cincinnati 4 |
BOTTOM OF THE 9TH |
Cincinnati Reds batting - Pitching for Chicago Cubs : RHP Eric Oakes
|
Pitching: LHP George Poirier
|
|
Batting: RHB Willie Lazcano
|
0-0: Foul Ball, location: 2F 0-1: Ball 1-1: Ball 2-1: SINGLE (Groundball, 4MD, EV 86.2 MPH) (infield hit)
|
Pinch Hitting: RHB Fred Slade
|
0-0: Ball 1-0: Called Strike 1-1: Called Strike 1-2: Fly out, F9 (Flyball, 9, EV 90.6 MPH)
|
Batting: LHB Jesus Lozano
|
0-0: Ball 1-0: Foul Ball, location: 2F 1-1: Foul Ball, location: 2F 1-2: Strikes out swinging
|
Batting: LHB Sean Geisler
|
0-0: Ball 1-0: Called Strike 1-1: Ground out U3 (Groundball, 3, EV 86.2 MPH)
|
Bottom of the 9th over - 0 runs, 1 hit, 0 errors, 1 left on base; Chicago 6 - Cincinnati 4 |
|